 Dungeon Crawl Stone Soup version 0.17-a0-1515-gfae3d72 (webtiles) character file.

41 Gorice the Skirmisher (level 3, 0/36 HPs)
             Began as a Naga Wanderer on July 12, 2015.
             Slain by a gnoll
             ... wielding a +0 spear of chaos
              (2 damage)
             ... on level 2 of the Dungeon.
             The game lasted 00:05:44 (1683 turns).

Gorice the Skirmisher (Naga Wanderer)               Turns: 1683, Time: 00:05:45

Health: 0/36       AC:  4    Str: 15    XL:     3   Next: 52%
Magic:  3/3        EV:  8    Int: 16    God:
Gold:   45         SH:  0    Dex: 10    Spells: 0 memorised, 2 levels left

rFire  . . .     SeeInvis +     c - +0 hand axe
rCold  . . .     Clarity  .     b - +0 ring mail
rNeg   . . .     SustAt   .     (no shield)
rPois  +         Gourm    .     (no helmet)
rElec  .         Spirit   .     (no cloak)
rCorr  .         Warding  .     h - +0 pair of gloves
rMut   .         Stasis   .     (no barding)
MR     .....                    (no amulet)
Stlth  ++........               i - +4 ring of intelligence
                                Y - ring of stealth

@: very slightly contaminated, drained, very slow, not resistant to hostile
enchantments, unstealthy
A: see invisible, deformed body, poison resistance, slowness 2, slow metabolism
1, spit poison 2, AC +1
a: Spit Poison


You were on level 2 of the Dungeon.
You were hungry.

You visited 1 branch of the dungeon, and saw 2 of its levels.

You collected 45 gold pieces.

Inventory:

Hand weapons
 c - a +0 hand axe (weapon)
Missiles
 Z - 43 stones (quivered)
Armour
 b - a +0 ring mail (worn)
 h - a +0 pair of gloves (worn)
Jewellery
 i - a +4 ring of intelligence (right hand)
 Y - a ring of stealth (left hand)
Magical devices
 a - a wand of enslavement (14)
 m - a wand of magic darts (13)
Scrolls
 n - a scroll of identify {unknown}
Potions
 e - a potion of haste {unknown}
 f - a potion of flight {unknown}
 g - a potion of ambrosia {unknown}
 k - a potion of heal wounds {unknown}
 o - a potion of resistance {unknown}
Comestibles
 d - a bread ration {!e}
 l - a meat ration {!e}


   Skills:
 - Level 4.0(3.7) Fighting
 * Level 3.3(3.1) Axes
 - Level 1.0(0.7) Dodging
 + Level 3.0(2.8) Stealth
 - Level 1.0(0.8) Unarmed Combat
 - Level 1.0(0.8) Evocations


You had 2 spell levels left.
You didn't know any spells.

Dungeon Overview and Level Annotations

Branches:
Dungeon (2/15)

Altars:
Trog
Xom

Annotations:
D:1 1 runed door


Innate Abilities, Weirdness & Mutations

You cannot wear boots.
Your serpentine skin is tough (AC +1).
You have supernaturally acute eyesight.
Armour fits poorly on your strangely shaped body.
Your system is resistant to poisons.
You cover ground very slowly.
You have a slow metabolism.
You can spit poison.


Message History

Damage: 6 (max 7)
You hit the gnoll.
The gnoll is almost dead.
You barely miss the gnoll.
The gnoll falls through a shaft!
The shaft crumbles and collapses.
The gnoll hits you but does no damage.
You feel drained.
You hit the gnoll.
The gnoll is lightly wounded.
You flicker for a moment.
The gnoll hits you with a spear of chaos.
* * * LOW HITPOINT WARNING * * *
The gnoll freezes you.
* * * LOW HITPOINT WARNING * * *
The gnoll hits you but does no damage.
Damage: 4 (max 7)
You hit the gnoll.
The gnoll is moderately wounded.
The gnoll hits you with a spear of chaos.
* * * LOW HITPOINT WARNING * * *
The gnoll closely misses you.
Damage: 6 (max 7) Unknown command.
Read which item? (? for menu, Esc to quit)
Really read
j - a scroll of fear {!r}?
As you read the scroll of fear {!r}, it crumbles to dust.
You assume a fearsome visage.
The gnoll looks frightened!
Unknown command.
You flicker back into view.
You feel yourself speed up.
Evoke which item? (* to show all) (? for menu, Esc to quit)
Zapping:
a - a wand of enslavement (15)
Press: ? - help, Shift-Dir - straight line, f - gnoll
Aim: a gnoll, wielding a spear of chaos (chance to defeat MR: 56%)
Your attack snaps the gnoll out of its fear.
The gnoll resists with significant effort.
This wand has 14 charges left.
The gnoll hits you from afar with a spear of chaos.
* * * LOW HITPOINT WARNING * * *
Damage: 3 (max 3) Evoke which item? (* to show all) (? for menu, Esc to quit)
Zapping:
m - a wand of magic darts (will waste charges)
Press: ? - help, Shift-Dir - straight line, f/p - gnoll
Aim: a gnoll, wielding a spear of chaos The magic dart hits the gnoll.
The gnoll is severely wounded.
Evoking this partially-identified wand wasted a few charges.
The gnoll barely misses you. The gnoll closely misses you.
The gnoll hits you from afar with a spear of chaos.
You die...

#..................###.##..
##.#........######..##.##.#
###.........# ##[.##.##.#
#.........####......##.#
#..........##..........#
##.#####.#.##.......##.. #..#
#.#.###......##.#
###.####.#.####..#..##.#
#....g.@....###.##..##.#
######.######..#..##.##..##.#
#.≈#≈≈≈.≈#≈###..#...........#
##≈#.≈#..#≈≈#.##..###........#
...(≈#⌠≈g)≈≈≈.###.# #.<......#
....####.#..##.⌠#.###.....##.#
.##≈.≈≈%#....≈≈.#..##..##.....
≈#.####.#.≈.#..#..##......#..
. ≈.≈###≈..≈#..#...###.#..


You could see a gnoll.

Vanquished Creatures
  2 adders (D:2)
  A giant gecko (D:1)
  2 giant cockroaches
  A goblin (D:2)
  A hobgoblin (D:2)
  4 jackals (D:2)
  2 bats
  3 giant newts
  4 kobolds
  4 rats
24 creatures vanquished.

Notes
Turn   | Place    | Note
--------------------------------------------------------------
     0 | D:1      | Gorice the Naga Wanderer began the quest for the Orb.
     0 | D:1      | Gorice set off with: a wand of enslavement (15), a +0 ring mail, a +0 hand axe, a bread ration {!e}
     0 | D:1      | Reached XP level 1. HP: 22/22 MP: 1/1
     3 | D:1      | Found a runed door.
    79 | D:1      | Reached skill level 2 in Stealth
   742 | D:1      | Reached XP level 2. HP: 17/30 MP: 2/2
  1139 | D:2      | Reached skill level 3 in Axes
  1146 | D:2      | Reached XP level 3. HP: 13/36 MP: 3/3
  1148 | D:2      | HP: 10/36 [jackal (1)]
  1498 | D:2      | Reached skill level 3 in Stealth
  1521 | D:2      | Found a bloodstained altar of Trog.
  1658 | D:2      | Found a shimmering altar of Xom.
  1669 | D:2      | HP: 9/36 [gnoll/spear of chaos (3)]
  1670 | D:2      | HP: 2/36 [gnoll/spear of chaos (6)]
  1678 | D:2      | HP: 1/36 [gnoll/spear of chaos (3)]
  1683 | D:2      | Slain by a gnoll

Vault maps used:
D:1:      dpeg_arrival_caged_fury
D:2:      bloody_trog, tgw_xom

Action                   || total
-------------------------++-------
Melee: Hand axe          ||    93
Evoke: Wand              ||     2
  Use: Scroll            ||     3
 Stab: Sleeping          ||     5
  Eat: Chunk             ||     1

Table legend:
 A = Turns spent in this place as a percentage of turns spent in the entire game.
 B = Non-inter-level travel turns spent in this place as a percentage of non-inter-level travel turns spent in the entire game.
 C = Inter-level travel turns spent in this place as a percentage of turns spent in this place.
 D = Turns resting spent in this place as a percentage of non-inter-level travel turns spent in this place.
 E = Turns spent auto-exploring this place as a percentage of non-inter-level travel turns spent in this place.
 F = Non-inter-level travel turns spent in this place divided by the number of levels of this place that you've seen.
                   A       B       C       D       E      F
               +-------+-------+-------+-------+-------+----------------------
         Total | 100.0 | 100.0 |   0.6 |   2.0 |  11.1 | 171.5
       Dungeon | 100.0 | 100.0 |   0.6 |   2.0 |  11.1 | 171.5
               +-------+-------+-------+-------+-------+----------------------

Vault maps used:
D:1:      dpeg_arrival_caged_fury
D:2:      bloody_trog, tgw_xom
